 Dungeon Crawl Stone Soup version 0.22.1-1-ga44c0e5 (webtiles) character file.

223 juanjsm the Sneak (level 5, -7/24 HPs)
             Began as a Spriggan Enchanter on Oct 23, 2018.
             Killed by divine providence
             ... invoked by an orc priest
              (13 damage)
             ... on level 3 of the Dungeon.
             The game lasted 00:12:54 (2579 turns).

juanjsm the Sneak (Spriggan Enchanter)              Turns: 2579, Time: 00:12:55

Health: -7/24      AC:  4    Str:  4    XL:     5   Next: 66%
Magic:  1/11       EV: 19    Int: 17    God:
Gold:   82         SH:  0    Dex: 17    Spells: 4/10 levels left

rFire    . . .     SeeInvis +   i - +2 dagger (flame)
rCold    . . .     Gourm    .   (shield restricted)
rNeg     . . .     Faith    .   b - +0 robe
rPois    +         Spirit   .   n - +2 hat
rElec    .         Reflect  .   (no cloak)
rCorr    .         Harm     .   (gloves unavailable)
MR       .....                  (boots unavailable)
Stlth    ++++......             (no amulet)
HPRegen  0.08/turn              e - ring of poison resistance
MPRegen  0.12/turn              r - ring of flight

@: very quick
A: very small, unfitting armour, see invisible, herbivore, speed 3, slow
metabolism 2
a: Evoke Flight


You were on level 3 of the Dungeon.
You were hungry.

You visited 1 branch of the dungeon, and saw 4 of its levels.

You collected 82 gold pieces.

Inventory:

Hand Weapons
 a - a +1 dagger
 i - a +2 dagger of flaming (weapon)
Armour
 b - a +0 robe (worn)
 n - a +2 hat (worn)
Jewellery
 e - a ring of poison resistance (left hand)
 r - a ring of flight (right hand)
Scrolls
 c - 6 scrolls of identify {unknown}
 l - a scroll of teleportation {unknown}
 m - a scroll of remove curse {unknown}
 o - a scroll of amnesia {unknown}
Potions
 f - a potion of curing {unknown}
 g - 3 potions of heal wounds {unknown}
 h - a potion of might {unknown}
 j - a potion of brilliance {unknown}
 k - a potion of lignification {unknown}
 p - a potion of magic {unknown}
 q - a potion of haste {unknown}
 s - a potion of flight {unknown}
Comestibles
 d - 3 rations


   Skills:
 * Level 3.4 Short Blades
 + Level 4.0 Dodging
 * Level 6.7 Stealth
 + Level 3.4 Spellcasting
 + Level 4.5 Hexes


You had 4 spell levels left.
You knew the following spells:

 Your Spells              Type           Power        Failure   Level  Hunger
a - Corona                Hex            ###....      2%          1    None
b - Ensorcelled Hibernat  Hex/Ice        ##....       10%         2    ##.....
c - Confuse               Hex            ###.....     8%          3    ###....

Your spell library contained the following spells:

 Spells                   Type           Power        Failure   Level  Hunger
 Tukima's Dance           Hex            ###.....     8%          3    ###....
 Dazzling Spray           Conj/Hex       ##....       21%         3    ###....


Dungeon Overview and Level Annotations

Branches:
Dungeon (4/15)
 Temple: D:4-7

Altars:
Qazlal
Trog


Innate Abilities, Weirdness & Mutations

You are very small and have problems with some larger weapons.
You are too small for most types of armour.
You have supernaturally acute eyesight. (SInv)
You are a herbivore.
You cover ground extremely quickly.
You need to consume almost no food.


Message History

Beogh smites you!
Ouch! That really hurt!
The orc hits you with a hand axe.
* * * LOW HITPOINT WARNING * * *
Casting: Confuse (safe; 8% risk of failure)
Confirm with . or Enter, or press ? or * to list all spells.
You don't have enough magic to cast that spell.
Unknown command.
Casting: Confuse (safe; 8% risk of failure)
Confirm with . or Enter, or press ? or * to list all spells.
Aiming: Ensorcelled Hibernation (safe; 10% risk of failure)
Press: ? - help, Shift-Dir - straight line, f/p - orc priest
Aim: an orc priest, wielding a whip and wearing a chain mail (chance to defeat The orc priest resists with some effort.
The orc priest barely misses you. The orc completely misses you.
The orc barely misses you.
The orc priest mumbles some strange prayers to Beogh against you.
Beogh smites you!
Ouch! That really hurt!
You die...

# ##. #.# #.....# #.
#...##.####.#.#.##
##..#..##...........)<
#.#.............##.#.#.#)
#.#.#..#...............#.
#.#.#.........#.#.##.###.
#.#.#.###.##.##.#.##.# #.
#.....###.##.##.#(##.# #.
#..#.o..@............# #.
#..oo######.##.#..### #.
##.#.# #.##.#..#####.
#.#.######.##.#..>.....
#.............##.####..
##.#######.#####...)...
#.# #............. #†#
############.# #.# #.#


You could see an orc priest and 2 orcs.

Vanquished Creatures
  Jessica (D:2)
  Terence (D:2)
  6 gnolls
  2 adders (D:2)
  2 oozes
  A worm (D:2)
  3 dart slugs
  4 leopard geckos
  A ball python (D:1)
  5 bats
  6 giant cockroaches
  10 goblins
  7 hobgoblins
  2 jackals (D:2)
  4 frilled lizards
  10 kobolds
  12 rats
77 creatures vanquished.

Notes
Turn   | Place    | Note
-------+----------+-------------------------------------------
     0 | D:1      | juanjsm the Spriggan Enchanter began the quest for the Orb.
     0 | D:1      | Reached XP level 1. HP: 9/9 MP: 5/5
    94 | D:1      | Reached XP level 2. HP: 5/13 MP: 4/6
    98 | D:1      | Learned a level 2 spell: Ensorcelled Hibernation
   686 | D:1      | Reached skill level 5 in Stealth
   752 | D:1      | Reached XP level 3. HP: 13/16 MP: 0/8
   757 | D:1      | Learned a level 3 spell: Confuse
  1132 | D:2      | Reached XP level 4. HP: 21/21 MP: 2/9
  1178 | D:2      | Noticed Jessica
  1198 | D:2      | Killed Jessica
  1309 | D:2      | Reached skill level 6 in Stealth
  1527 | D:2      | Found a stormy altar of Qazlal.
  1713 | D:2      | Noticed Terence
  1724 | D:2      | Killed Terence
  1724 | D:2      | Reached XP level 5. HP: 22/24 MP: 8/10
  2516 | D:3      | Found a bloodstained altar of Trog.
  2579 | D:3      | Killed from afar by an orc priest

Skill      XL: |  1  2  3  4  5 |
---------------+----------------+-----
Stealth        | 5 6 |  6.7
Short Blades   | 2 3 |  3.4
Hexes          | 4 |  4.5
Spellcasting   | 3 |  3.4
Dodging        | 4 |  4.0

Action                   |  1- 3 |  4- 6 || total
-------------------------+-------+-------++-------
Melee: Dagger            |    79 |    98 ||   177
 Cast: Corona            |     6 |     1 ||     7
       Ensorcelled Hiber |    25 |    36 ||    61
       Confuse           |       |     4 ||     4
 Stab: Sleeping          |    23 |    23 ||    46
  Eat: Ration            |       |     1 ||     1
Armor: Robe              |    14 |     3 ||    17
Dodge: Dodged            |    90 |    72 ||   162
